 Dungeon Crawl Stone Soup version 0.27-a0-1200-g94dc6ad4cf (webtiles) character file.

Game seed: 10154326195367361845

268 lightspider the Conjurer (level 6, -1/51 HPs)
             Began as a Draconian Conjurer on June 1, 2021.
             Killed from afar by HilariousDeathArtist's ghost (19 damage)
             ... with a stone arrow
             ... on level 4 of the Dungeon.
             The game lasted 00:15:29 (4113 turns).

lightspider the Conjurer (Draconian Conjurer)       Turns: 4113, Time: 00:15:30

Health: -1/51      AC:  6    Str: 16    XL:     6   Next: 1%
Magic:  7/11       EV: 12    Int: 19    God:
Gold:   176        SH:  0    Dex: 10    Spells: 8/11 levels left

rFire    + . .     SeeInvis .   i - +0 mace (protect)
rCold    + . .     Faith    .   (no shield)
rNeg     . . .     Spirit   .   (armour unavailable)
rPois    .         Reflect  .   (helmet restricted)
rElec    .         Harm     .   n - scarf {rC+ rF+}
rCorr    .         Rampage  .   (no gloves)
Will     .....                  (no boots)
Stlth    ++........             (no amulet)
HPRegen  0.17/turn              e - +6 ring of strength
MPRegen  0.12/turn              (no ring)

@: brilliant
A: AC +6, unfitting armour, cold-blooded
a: no special abilities


You were on level 4 of the Dungeon.
You visited 1 branch of the dungeon, and saw 4 of its levels.

You collected 176 gold pieces.

Inventory:

Hand Weapons
 a - a +0 club
 i - a +0 mace of protection (weapon)
 l - a +2 dagger of electrocution
Armour
 n - a scarf of resistance (worn)
Jewellery
 c - a ring of fire
 e - a +6 ring of strength (left hand)
 f - a ring of see invisible
Scrolls
 b - a scroll of brand weapon
 d - 2 scrolls of amnesia
 m - a scroll of magic mapping {unknown}
 o - 3 scrolls of summoning {unknown}
 p - a scroll of acquirement {unknown}
 q - 3 scrolls of immolation
 r - a scroll of vulnerability {unknown}
Potions
 g - a potion of invisibility {unknown}
 h - 2 potions of brilliance
 j - a potion of resistance
 k - a potion of lignification {unknown}


   Skills:
 + Level 3.0 Fighting
 + Level 3.2 Dodging
 - Level 1.7 Stealth
 + Level 3.3 Spellcasting
 + Level 4.9 Conjurations


You had 8 spell levels left.
You knew the following spells:

 Your Spells              Type           Power      Damage    Failure   Level
a - Magic Dart            Conj           100%       1d8       1%          1
b - Searing Ray           Conj           66%        3d5       2%          2

Your spell library contained the following spells:

 Spells                   Type           Power      Damage    Failure   Level
 Dazzling Flash           Conj/Hex       38%        N/A       16%         3
 Fulminant Prism          Conj/Hex       9%         3d7       45%         4
 Iskenderun's Mystic Bla  Conj/Tloc      19%        2d6       45%         4


Dungeon Overview and Level Annotations

Branches:
Dungeon (4/15)
 Temple: D:4-7

Altars:
Ashenzari
Hepliaklqana

Shops:
D:4 :

Annotations:
D:4 HilariousDeathArtist's ghost, amateur BaEE


Innate Abilities, Weirdness & Mutations

Your plain brown scales are hard. (AC +6)
You cannot fit into any form of body armour.
You are cold-blooded and may be slowed by cold attacks.


Message History

You feel clever.
Your scales feel tougher.
Found a runed translucent door.
Found 16 gold pieces and a short runed staff.
Found a scroll of immolation and an emerald potion.
HilariousDeathArtist's ghost turns its malevolent gaze towards you.
You now have 176 gold pieces (gained 16).
There are no items here.
Press: ? - help, v - describe, . - travel The floor.
You start resting.
Magic restored.
You start resting.
HilariousDeathArtist's ghost says, "First you will suffer, then you will die."
HP restored.
You feel clever all of a sudden.
You open the door.
The gnoll sergeant hits you from afar with a +0 trident!
HilariousDeathArtist's ghost points at you and mumbles some strange words.
The stone arrow hits you!!
Casting: Searing Ray (safe; 2% risk of failure)
Confirm with . or Enter, or press ? or * to list all spells.
Aiming: Searing Ray (safe; 2% risk of failure)
Press: ? - help, Shift-Dir - straight line, f - HilariousDeathArtist's ghost
Aim: HilariousDeathArtist's ghost (76% to hit)
You feel a surge of power!
The searing ray hits HilariousDeathArtist's ghost!
HilariousDeathArtist's ghost is moderately damaged. (Press . to maintain the ray.)
The searing ray misses HilariousDeathArtist's ghost.
HilariousDeathArtist's ghost points at you and mumbles some strange words.
The blast of sand hits you.
The searing ray hits HilariousDeathArtist's ghost!
HilariousDeathArtist's ghost is heavily damaged.
HilariousDeathArtist's ghost hits you. The gnoll sergeant misses you.
The searing ray hits HilariousDeathArtist's ghost.
HilariousDeathArtist's ghost is severely damaged.
You finish channeling your searing ray.
HilariousDeathArtist's ghost points at you and mumbles some strange words.
The stone arrow hits you!!
You die...

..# ####'##### #.# ..##
#...)....# #.### ...#
#........# ###...# .#.#
#........# #...#.#
.#.###........# #.#.#...
##..##........# #.#.# #.#
..............####.#.# .#
..............##.....# #
..............##@#.....#
..............##W#.####..#
..............##.g.......#
####..........####'####.#
##.###+##### #§§§# #.#
#§§§#


You could see a gnoll sergeant and HilariousDeathArtist's ghost.

Vanquished Creatures
  A water moccasin zombie (D:3)
  An orc priest (D:3)
  A centaur skeleton (D:4)
  Robin (D:3)
  3 gnolls
  2 adders
  2 worms
  A dart slug (D:1)
  3 orcs (D:3)
  3 ball pythons
  5 bats
  6 endoplasms
  2 giant cockroaches
  15 goblins
  9 hobgoblins
  8 jackals
  3 quokkas
  4 frilled lizards
  5 kobolds
  5 rats
80 creatures vanquished.

Vanquished Creatures (others)
  6 plants (D:3)
6 creatures vanquished.

Grand Total: 86 creatures vanquished

Notes
Turn   | Place    | Note
-------+----------+-------------------------------------------
     0 | D:1      | lightspider the Draconian Conjurer began the quest for the
                  | Orb.
     0 | D:1      | Reached XP level 1. HP: 14/14 MP: 3/3
   392 | D:1      | Reached XP level 2. HP: 16/22 MP: 1/5
   449 | D:1      | Learned a level 2 spell: Searing Ray
   538 | D:1      | Reached skill level 1 in Fighting
   972 | D:1      | Reached XP level 3. HP: 27/28 MP: 4/6
  1643 | D:2      | Reached XP level 4. HP: 36/36 MP: 1/8
  2595 | D:3      | Found a broken altar of Ashenzari.
  2622 | D:3      | Reached XP level 5. HP: 30/42 MP: 1/9
  2979 | D:3      | Found a hazy altar of Hepliaklqana.
  3026 | D:3      | Noticed Robin
  3043 | D:3      | Killed Robin
  3693 | D:3      | Found a faded altar of an unknown god.
  3869 | D:4      | Found Cipearil's Book Shop.
  4070 | D:4      | Reached XP level 6. HP: 45/51 MP: 9/11
  4071 | D:4      | Found a runed translucent door.
  4073 | D:4      | Noticed HilariousDeathArtist's ghost (amateur BaEE)
  4113 | D:4      | Killed from afar by HilariousDeathArtist's ghost

Illustrated notes

Levels and vault maps discovered:
D:1:      tarquinn_simple_flora_water_d, layout_loops_ring,
          minmay_misc_feat_columns
D:2:      layout_rooms, kennysheep_donut
D:3:      layout_basic, amcnicky_altar_gilded, ashenzari_altar_1,
          shapermc_ecumenical_altar_hornbeckon, uniq_robin
D:4:      layout_basic, cheibriados_altar_1, fedhas_altar_4, serial_shops,
          nicolae_shop_competitors_out_of_business, ebering_ghost_inner_flame,
          abandoned_shop

Skill      XL: |  1  2  3  4  5 |
---------------+----------------+-----
Dodging        | 2 3 |  3.2
Fighting       | 1 2 3 |  3.0
Spellcasting   | 3 |  3.3
Stealth        | |  1.7
Conjurations   | |  4.9

Action                   |  1- 3 |  4- 6 || total
-------------------------+-------+-------++-------
Melee: Club              |     5 |       ||     5
       Unarmed           |     3 |       ||     3
       Mace              |    37 |    50 ||    87
       Tailslap          |     5 |     6 ||    11
 Cast: Magic Dart        |    36 |    12 ||    48
       Searing Ray       |     5 |    14 ||    19
  Use: Scroll            |     5 |     2 ||     7
       Potion            |       |     1 ||     1
 Stab: Sleeping          |       |     3 ||     3
Armor: Skin              |    25 |    28 ||    53
Dodge: Dodged            |    63 |    48 ||   111

Table legend: (Time is in decaauts)
 A = Elapsed time spent in this place.
 B = Non-inter-level travel time spent in this place.
 C = Inter-level travel time spent in this place.
 D = Time resting spent in this place.
 E = Time spent auto-exploring this place.
 F = Levels seen in this place.
 G = Mean time per level.
                   A        B        C        D        E       F      G
               +--------+--------+--------+--------+--------+-----+--------+
         Total |   4158 |   4026 |    132 |   1513 |   1711 |   4 | 1039.5 |
       Dungeon |   4158 |   4026 |    132 |   1513 |   1711 |   4 | 1039.5 |
               +--------+--------+--------+--------+--------+-----+--------+

Top non-repeatable levels by time:
     D:1: 1866 daAuts
     D:3: 1352 daAuts
     D:2: 674 daAuts
     D:4: 264 daAuts
